 Dungeon Crawl Stone Soup version 0.23.2-1-ga50397a6bc (webtiles) character file.

Game seed: 6974508470303705508

191 Mrkan the Slasher (level 5, -1/42 HPs)
             Began as a Demonspawn Fighter on May 23, 2019.
             Slain by a scorpion (8 damage)
             ... on level 4 of the Dungeon.
             The game lasted 00:05:18 (2203 turns).

Mrkan the Slasher (Demonspawn Fighter)              Turns: 2203, Time: 00:05:19

Health: -1/42      AC:  9    Str: 18    XL:     5   Next: 42%
Magic:  5/5        EV:  7    Int:  9    God:
Gold:   127        SH:  8    Dex: 12    Spells: 4/4 levels left

rFire    . . .     SeeInvis .   n - -1 falchion (curse)
rCold    . . .     Gourm    .   c - +0 shield
rNeg     . . .     Faith    .   b - +0 scale mail
rPois    .         Spirit   .   o - +0 helmet
rElec    .         Reflect  .   (no cloak)
rCorr    .         Harm     .   (no gloves)
MR       .....                  (no boots)
Stlth    ..........             (no amulet)
HPRegen  0.14/turn              (no ring)
MPRegen  0.09/turn              (no ring)

@: no status effects
A: yellow scales 1, powered by death 1
a: no special abilities


You were on level 4 of the Dungeon.
You were near starving.

You visited 1 branch of the dungeon, and saw 4 of its levels.

You collected 127 gold pieces.

Inventory:

Hand Weapons
 a - a +0 long sword
 n - a cursed -1 falchion (weapon)
Armour
 b - a +0 scale mail (worn)
 c - a +0 shield (worn)
 o - a +0 helmet (worn)
Scrolls
 e - 3 scrolls of magic mapping {unknown}
 g - 2 scrolls of teleportation {unknown}
 h - a scroll of fog {unknown}
 j - 2 scrolls of identify {unknown}
 m - 2 scrolls of immolation {unknown}
 p - a scroll of remove curse {unknown}
 r - a scroll of amnesia {unknown}
 t - a scroll of blinking {unknown}
 v - a scroll of noise {unknown}
Potions
 d - a potion of might
 i - 2 potions of lignification {unknown}
 k - 4 potions of curing {unknown}
 l - 2 potions of berserk rage {unknown}
 q - 2 potions of cancellation {unknown}
 s - a potion of agility {unknown}
 u - a potion of resistance {unknown}
Comestibles
 f - 8 rations


   Skills:
 + Level 4.2 Fighting
 * Level 4.4 Long Blades
 - Level 2.6 Armour
 - Level 2.6 Shields


You had 4 spell levels left.
You didn't know any spells.
Your spell library was empty.

Dungeon Overview and Level Annotations

Branches:
Dungeon (4/15)
 Temple: D:4-7

Altars:
Ashenzari
Uskayaw
Vehumet

Annotations:
D:4 exclusion: statue


Innate Abilities, Weirdness & Mutations

You are partially covered in yellow scales. (AC +2)
You regenerate a little health from kills.


Message History

Your shield and scale mail prevent you from hitting the scorpion.
The scorpion is severely wounded.
The scorpion stings you.
* * * LOW HITPOINT WARNING * * *
Something hits you but does no damage.
You hit the scorpion but do no damage.
The scorpion is severely wounded.
Something hits you but does no damage.
The scorpion stings you but does no damage.
Your shield and scale mail prevent you from hitting the scorpion.
The scorpion is severely wounded.
The scorpion closely misses you. Something hits you but does no damage.
You block the scorpion's attack.
You hit the scorpion but do no damage.
The scorpion is severely wounded.
The scorpion closely misses you.
You hit the scorpion.
The scorpion is severely wounded.
You block the orc's attack. The scorpion stings you!
You die...

#.......######...#
#...............#
###...###########
#...# #...# #...##
##...# .....##s#
..... #@# .s....
#o# ...o.. #{#
..... #oo....#
...o ..o.#....
..###.. #. ... ...
##.. ..[. #.. ...


You could see a scorpion and 4 orcs.

Vanquished Creatures
  A phantom (D:4)
  A hound (D:4)
  3 adders
  A dart slug (D:1)
  A leopard gecko (D:3)
  4 orcs
  3 giant cockroaches (D:1)
  3 goblins
  5 hobgoblins
  9 kobolds
  A quokka (D:2)
  6 bats
  A frilled lizard (D:2)
  6 rats
45 creatures vanquished.

Notes
Turn   | Place    | Note
-------+----------+-------------------------------------------
     0 | D:1      | Mrkan the Demonspawn Fighter began the quest for the Orb.
     0 | D:1      | Reached XP level 1. HP: 18/18 MP: 1/1
   162 | D:1      | Gained mutation: You are partially covered in yellow
                  | scales. (AC +2) [demonic ancestry]
   162 | D:1      | Reached XP level 2. HP: 16/24 MP: 2/2
   808 | D:2      | Reached XP level 3. HP: 26/29 MP: 3/3
  1183 | D:3      | Found a shattered altar of Ashenzari.
  1447 | D:3      | Reached XP level 4. HP: 37/37 MP: 4/4
  2030 | D:4      | Found a radiant altar of Vehumet.
  2030 | D:4      | Noticed a charred statue
  2042 | D:4      | Noticed a phantom
  2120 | D:4      | Killed a phantom
  2120 | D:4      | Gained mutation: You regenerate a little health from kills.
                  | [demonic ancestry]
  2120 | D:4      | Reached XP level 5. HP: 22/42 MP: 5/5
  2164 | D:4      | Noticed a +0 hand axe
  2165 | D:4      | Noticed a +0 hand axe
  2166 | D:4      | Found a hide-covered altar of Uskayaw.
  2203 | D:4      | Slain by a scorpion

Skill      XL: |  1  2  3  4 |
---------------+-------------+-----
Long Blades    | 2 3 4 |  4.4
Fighting       | 4 |  4.2
Armour         | |  2.6
Shields        | |  2.6

Action                   |  1- 3 |  4- 6 || total
-------------------------+-------+-------++-------
Melee: Long sword        |    72 |       ||    72
       Falchion          |    90 |    94 ||   184
  Eat: Chunk             |     2 |     1 ||     3
Armor: Scale mail        |   105 |    40 ||   145
Dodge: Dodged            |    52 |    27 ||    79
Block: Shield            |   118 |    51 ||   169
       Rpst.: Long sword |     7 |       ||     7
       Falchion          |    15 |     6 ||    21
